Cogmind - Beta 12 @@@ ROGUE MODE // 2023.12.12 @ 09:52:12 Player: Leeman Result: Core destroyed Performance ------------- Evolutions (0) 0 Regions Visited (1) 200 Robots Destroyed (9) 45 Value Destroyed (278) 278 Prototype IDs (0) 0 Alien Tech Used (0) 0 Bonus (0) 0 TOTAL SCORE: 523 Bonus ------- None Cogmind --------- Core Integrity 0/250 Matter 145/300 Energy 115/125 System Corruption 0% Temperature Critical (558) Movement Walking (260) Ox2 Location -10/Materials Parts ------- > --- POWER (1) -------- Light Ion Engine > --- PROPULSION (2) --- Aluminum Leg > --- UTILITY (2) ------ Large Storage Unit Signal Interpreter > --- WEAPON (2) ------- Medium Laser Medium Laser > --- INVENTORY (15) --- (None) Peak State ------------ > --- POWER ------------ Light Ion Engine > --- PROPULSION ------- Aluminum Leg Aluminum Leg > --- UTILITY ---------- Small Storage Unit Large Storage Unit > --- WEAPON ----------- EM Pulse Gun Assault Rifle > --- INVENTORY -------- Light Ion Engine Small Laser [Rating: 7] Favorites ----------- Power Light Ion Engine Engine Light Ion Engine Propulsion Aluminum Leg Leg Aluminum Leg Utility Large Storage Unit Device Sensor Array Storage Large Storage Unit Processor Signal Interpreter Weapon Assault Rifle Energy Gun Small Laser Ballistic Gun Assault Rifle Build | -11 -10 ------- Run | Jun Mat Slots Evolved . | . . Power . | . . Propulsion . | . . Utility . | . . Weapon . | . . Parts Attached 14 | 6 8 Power 2 | 1 1 Engine 2 | 1 1 Core . | . . Reactor . | . . Propulsion 3 | 2 1 Treads . | . . Leg 3 | 2 1 Wheel . | . . Hover . | . . Flight . | . . Utility 4 | 1 3 Device 1 | . 1 Storage 2 | 1 1 Processor 1 | . 1 Hackware . | . . Protection . | . . Artifact . | . . Weapon 5 | 2 3 Energy Gun 4 | 1 3 Energy Cannon . | . . Ballistic Gun 1 | 1 . Ballistic Cannon . | . . Launcher . | . . Special Weapon . | . . Impact Weapon . | . . Slashing Weapon . | . . Piercing Weapon . | . . Special Melee Weapon . | . . Unidentified Prototypes . | . . Parts Lost 6 | . 6 Power 1 | . 1 Propulsion 2 | . 2 Utility 1 | . 1 Weapon 2 | . 2 Highest Loss Streak 5 | . 5 To Critical Strikes . | . . Average Slot Usage (%) 94 | . 94 Engine 13 | . 13 Leg 27 | . 27 Device 10 | . 10 Storage 14 | . 14 Energy Gun 14 | . 14 Ballistic Gun 13 | . 13 Naked Turns . | . . Heaviest Build 28 | 12 28 Greatest Support 20 | 20 20 Greatest Overweight (x) 3 | 3 2 Average Overweight (x) . | . . Largest Inventory Capacity 15 | 8 15 Average Capacity 14 | 7 14 Most Carried 4 | 2 4 Average Carried 3 | 1 3 Final Capacity 15 | 8 15 Final Carried 2 | 2 . Class Distribution -------------------- 100% | Mutant Dominant Class ---------------- Mutant | -10/Materials Resources | -11 -10 ----------- Run | Jun Mat Matter Collected 385 | 178 207 Remotely . | . . Salvage Created 372 | . 372 Parts 19 | . 19 Haulers Intercepted . | . . Recyclers Shooed 1 | . 1 Parts Field Recycled . | . . Retrieved Matter . | . . Parts Self-Destructed . | . . Prevented . | . . Kills | -11 -10 ------- Run | Jun Mat Combat Hostiles Destroyed 6 | . 6 Guns 6 | . 6 Classes Destroyed 3 | . 3 Recycler 1 | . 1 Watcher 2 | . 2 Grunt 6 | . 6 Best Kill Streak 3 | . 3 Combat Bots Only 2 | . 2 Max Kills in Single Turn 1 | . 1 Gunslinging . | . . Exploded . | . . Melee . | . . Uniques/NPCs Destroyed . | . . Combat | -11 -10 -------- Run | Jun Mat Damage Taken 942 | . 942 Core 253 | . 253 Absorbed by Shields . | . . Core Remaining (%) 100 | 100 . Volleys Fired 50 | . 50 Largest 2 | . 2 Hottest 100 | . 100 Shots Fired 93 | . 93 Gun 93 | . 93 Cannon . | . . Launcher . | . . Special . | . . Kinetic 37 | . 37 Thermal 46 | . 46 Explosive . | . . Electromagnetic 10 | . 10 Robot Hit Streak 20 | . 20 Robot Miss Streak 4 | . 4 Penetration Max . | . . Secondary Targets 2 | . 2 Max Gunslinging Chain 1 | . 1 Shots Hit Robots 69 | . 69 Core Hits 20 | . 20 Critical Kills . | . . Critical Parts Destroyed . | . . Critical Strikes 1 | . 1 Burn 1 | . 1 Melee Attacks . | . . Impact . | . . Slashing . | . . Piercing . | . . Sneak Attacks . | . . Combat Hostiles . | . . Follow-up Attacks . | . . Damage Inflicted 954 | . 954 Guns 877 | . 877 Cannons . | . . Explosions 77 | . 77 Melee . | . . Ramming . | . . Kinetic 333 | . 333 Thermal 519 | . 519 Explosive . | . . Electromagnetic 102 | . 102 Impact . | . . Slashing . | . . Piercing . | . . Highest Corruption . | . . Average Corruption . | . . Corruption Purged . | . . Corruption Blocked . | . . Overload Shots . | . . Overflow Damage . | . . Projectiles . | . . Explosions . | . . Melee . | . . Knockbacks . | . . Impact . | . . Kinetic . | . . Secondary . | . . Self-Inflicted Damage 55 | . 55 Shots 1 | . 1 Rammed . | . . Targets Rammed . | . . Kicked . | . . Crushed . | . . Highest Temperature 558 | . 558 Average Temperature 178 | . 178 Received Heat Transfer 483 | . 483 Effects 10 | . 10 Shutdowns 2 | . 2 Interference 2 | . 2 Matter Decay 3 | . 3 Damage (minor) 1 | . 1 Damage (core) 2 | . 2 Siege Activations . | . . Robots Corrupted . | . . Combat Hostiles . | . . Parts Fried . | . . Impact Corruptions . | . . Robots Melted . | . . Combat Hostiles . | . . Parts Melted 3 | . 3 Heat Transferred 1422 | . 1422 Parts Sabotaged . | . . Parts Stolen . | . . Parts Stripped . | . . Power Chain Reactions 1 | . 1 Missiles Intercepted . | . . Alert | -11 -10 ------- Run | Jun Mat Peak Influence 123 | . 123 Initial . | . . Average 39 | . 42 Maximum Alert Level . | . . Low Security (%) 100 | 100 100 Level 1 . | . . Level 2 . | . . Level 3 . | . . Level 4 . | . . Level 5 . | . . High Security . | . . Max Security . | . . Squads Dispatched 2 | . 2 Investigation 2 | . 2 Extermination . | . . Reinforcement . | . . Assault . | . . Garrison . | . . Intercept . | . . Searches Triggered . | . . Construction Impeded . | . . Haulers Reinforced . | . . Active Scanning Responses . | . . Cargo Convoy Interrupts . | . . Stealth | -11 -10 --------- Run | Jun Mat Distress Signals 1 | . 1 Communications Jammed . | . . Distress Signals . | . . Times Spotted 15 | . 15 Peak Tracking Total 5 | . 5 Tactical Retreats 1 | . 1 Traps | -11 -10 ------- Run | Jun Mat Traps Triggered 1 | . 1 Indirectly . | . . Trap Hack Attempts . | . . Triggered . | . . Disarmed . | . . Reprogrammed . | . . Reused . | . . Traps Extracted . | . . Installed . | . . Triggered . | . . Machines | -11 -10 ---------- Run | Jun Mat Machines Disabled 1 | . 1 Max in Single Turn 1 | . 1 Machines Repaired . | . . Machines Sabotaged . | . . Overloaded Fab Kills . | . . Hacking | -11 -10 --------- Run | Jun Mat Machines Accessed 3 | . 3 Terminals 3 | . 3 Fabricators . | . . Repair Stations . | . . Recycling Units . | . . Scanalyzers . | . . Garrison Access . | . . Total Hacks 9 | . 9 Successful 5 | . 5 Failed 4 | . 4 Catastrophic . | . . Database Lockouts . | . . Manual . | . . Terminals 9 | . 9 Fabricators . | . . Repair Stations . | . . Recycling Units . | . . Scanalyzers . | . . Garrison Access . | . . Terminal Hacks 5 | . 5 Record 1 | . 1 Locate Traps 3 | . 3 Recall Reinforcements 1 | . 1 Fabricator Hacks . | . . Repair Station Hacks . | . . Recycling Unit Hacks . | . . Scanalyzer . | . . Garrison Access Hacks . | . . Unauthorized Hacks . | . . Terminals . | . . Fabricators . | . . Repair Stations . | . . Recycling Units . | . . Scanalyzers . | . . Garrison Access . | . . Data Cores Recovered . | . . Used . | . . Hacking Detections 2 | . 2 Full Trace Events 1 | . 1 Feedback Events . | . . Feedback Blocked . | . . Robot Schematics Acquired . | . . Robots Built . | . . Authchips . | . . Time . | . . Total Robot Build Rating . | . . Part Schematics Acquired . | . . Parts Built . | . . Authchips . | . . Time . | . . Total Part Build Rating . | . . Parts Repaired . | . . Time . | . . Parts Recycled . | . . Recycled Matter . | . . Retrieved Matter . | . . Retrieved Components . | . . Parts Scanalyzed . | . . Part Schematics Acquired . | . . Parts Damaged . | . . Bothacking | -11 -10 ------------ Run | Jun Mat Used RIF Installer . | . . Robots Hacked . | . . Non-combat . | . . Combat . | . . Robot Hacks Applied . | . . Relay Couplers Released . | . . Fabnet Peak Effective % . | . . Robots Rewired . | . . Allies Hacked . | . . Hacks Repelled . | . . Allies | -11 -10 -------- Run | Jun Mat Total Allies . | . . Largest Group . | . . Highest-Rated Group . | . . Highest-Rated Ally . | . . Total Orders . | . . Ally Attacks . | . . Total Damage . | . . Kills . | . . Allies Corrupted . | . . Allies Melted . | . . Intel | -11 -10 ------- Run | Jun Mat Robot Analysis Total . | . . Derelict Logs Recovered . | . . Drone Launches . | . . Drone Recoveries . | . . Exploration | -11 -10 ------------- Run | Jun Mat Turns Passed 1022 | 64 958 Spaces Moved 435 | 36 399 Core 15 | 15 . Treads . | . . Legs 420 | 21 399 Wheels . | . . Hover . | . . Flight . | . . Fastest Speed 50 | 50 120 Average Speed 184 | 134 188 Slowest Speed 260 | 200 260 Overloaded Moves . | . . Propulsion Burnouts . | . . Robots Hopped . | . . Cave-ins Triggered . | . . Exploration Rate (%) 30 | 3 57 Regions Visited 1 Branch Regions . Pre-discovered Areas . | . . Known Exits Taken . | . . Unknown Exits Taken 1 | 1 . Scrap Searched . | . . Spaces Dug . | . . Terrain Destroyed 4 | . 4 Melee . | . . Projectile . | . . AOE 4 | . 4 Terrain Rammed . | . . Walls Destroyed . | . . Machines Disabled . | . . Actions | -11 -10 --------- Run | Jun Mat Total 559 | 48 511 Wait 53 | 5 48 Move 434 | 35 399 Hop . | . . Pick Up 6 | 2 4 Fast Attach 8 | 6 2 Attach 6 | . 6 Detach . | . . Swap . | . . Drop 2 | . 2 Fire 50 | . 50 Melee . | . . Ram . | . . Kick . | . . Crush . | . . Escape Stasis . | . . Rewire . | . . Trap . | . . Miscellaneous . | . . Route ------- -11/Junkyard -10/Materials (discovered 2 exits: [*Mat] / [*Min]) History --------- Turn | Location | Event 15 | -11/Junkyard | Discovered new exit (range 15) 65 | -11/Junkyard | Entered Materials 234 | -10/Materials | Discovered new exit (range 14) 310 | -10/Materials | Build established: Mutant 728 | -10/Materials | Discovered new exit (range 8) 973 | -10/Materials | Core integrity fell below 50% 1014 | -10/Materials | Core integrity fell below 20% 1024 | -10/Materials | Core destroyed Last Messages --------------- K-01 Serf collects debris. Aluminum Leg destroyed. Overheating: Med. Laser damaged (-19). Heat Sink melted. G-34 Mercenary destroyed. Switching to secondary target: G-34 Mercenary. Overheating: Matter decay (-53). Sensor Array destroyed. Overheating: Core damaged (-27). Overheating: Matter decay (-35). G-34 Mercenary overheating. Power failure, Lgt. Ion Engine shutdown. Overheating: System interference. Med. Laser temporarily disabled. R-06 Scavenger collects Lgt. Nuclear Core. Overheating: Matter decay (-31). Overheating: System interference. Signal Interpreter temporarily disabled. Power failure, Lgt. Ion Engine shutdown. Overheating: Core damaged (-40). Map ----- +----------------------------------------------------+ | ?????????????????????????????????????????????????# | | ?????????????????????????????????????????????????# | | ?????????????????????????????????????????????????# | | ?????????????????????????????????????????????????# | | ??????????????????????????? ???????????????????# | | ??????????????????????????# ?????????########??# | | ??????????????????????????# ?????????# #??? | | ??????????????????????????# ?????????# / #??? | | ??????????????????????????# #????????# #??? | | ???????????????????????+### #????????# ! #??? | | ???????????????????????? #????????# #??? | | ????????????????????????? #????????# #??? | | ?????????????????????????? +????########+###### | | ??????????????????????????# #????# | | ??????????????????????????# #????# | | ??????????????????????????# #????# | | ??????????????????????????# ###### #########+# | | ??????????????????????????# ## # | | ?????????????????????#????# ## """ # | | ?????????????????????# ???# ## """ # | | ?????????????????????# ???## ####### %##/ """ # | | ?????????????????????? ??##/######### ## # | | ??????????????????????? ??# ## ##| """ # | | ??????????? ????????#+?# ! ## ## """ # | | ?????????? !! #####%## ## ## """ # | | ?????????? !! [=@# / ! ## ## + | | ?????????? !% %g ## ########### | | ?????????? ! # """ """ ## #?????????# | | ???????????############ # """ """ ## ########### | | ??????????????????????# # """ """ ## | | ??????????????????????# ############ ####### | | ??????????????????????# #??????????# #?????# | | ??????????????????????# #??????????# #?????# | | ??????????????????????# #??????????# #?????# | | ??????????????????????# #??????????# #?????# | | ?????????????????????? ???????????# ######## | | ?????????????????????? ???????????# ## # | | ?????????????????????? T ???????????# ## # | | ????????????????????? ?????#####?# ## " # | | ?????????????????????# ! ?????# #?# ## "" # | | ???????????????????############# #?# ## "" # | | ???????????????????# # !!#?#/##+## """ # | | ???????????????????# """ # ! #?# # "" + | | ???????????????????# """ "T" # #?# # """ # | | ???????????????????# """ """ # #?# # """ # | | ???????????????????# * # #?# # """ # | | ??????????????????#######/########+### """ # " # | | ??????????????????# + % ^ # """ # # | | ??????????????????# # + """ ####### | | ??????????????????# # """ """ # """ #?????? | +----------------------------------------------------+ Best States ------------- Heat Dissipation 25 Energy Generation 10 Energy Capacity 125 Matter Stores 300 Matter Capacity 300 Sight Range 16 Robot Scan Range 14 Terrain Scan Density 10 Evasion (%) 55 Item Schematics ----------------- None Robot Schematics ------------------ None Fabricated ------------ Nothing Alien Tech Used ----------------- None Achievements -------------- None Challenges ------------ None Game ------ Seed MomentumCoilLoader Manual? 0 Play Time 00:10:22 Cumulative 6.3 hours Start 2023.12.12 @ 09:39:38 End 2023.12.12 @ 09:52:12 Sessions 1 Manual Loads 0 Difficulty Rogue Special Mode None Game No. 10 Rogue 10 Adventurer 0 Explorer 0 Win Type - Total 0 Types 0/0/0/0/0/0/0/0/0 Lore% 14 Gallery% 7 Achievement% 10 Wizard Run 0 Options --------- ASCII 0 Keyboard 0 Movement Numpad Keybinds 0 Fullscreen 1 Font 18/SmallcapsGlow Map View 76x50 Tactical HUD 0 Map Filters NONE Filters NONE Steam 1 RUN: bc01cf2c-a7ac-4694-9400-418801c523a8